 Dungeon Crawl Stone Soup version 0.21-a0-267-ga5fc350 (webtiles) character file.

91144 CakeIsGreat the Geomancer (level 16, -10/95 HPs)
             Began as a Gargoyle Earth Elementalist on Sept 12, 2017.
             Was a High Priest of Vehumet.
             Killed from afar by a fire dragon (43 damage)
             ... with a blast of flame
             ... on level 15 of the Dungeon on Sept 13, 2017.
             The game lasted 01:20:57 (33108 turns).

CakeIsGreat the Geomancer (GrEE)                   Turns: 33108, Time: 01:20:58

Health: -10/95     AC: 28    Str: 19    XL:     16   Next: 2%
Magic:  3/30       EV: 15    Int: 20    God:    Vehumet [*****.]
Gold:   1608       SH:  0    Dex: 11    Spells: 8/36 levels left

rFire    . . .     SeeInvis .   q - staff of energy
rCold    . . .     Gourm    +   (no shield)
rNeg     + . .     Faith    .   c - +2 robe
rPois    ∞         Spirit   .   F - +2 helmet
rElec    +         Reflect  .   a - +2 cloak
rCorr    .         Harm     .   s - +1 pair of gloves {Str+3}
MR       +....                  v - +2 pair of boots
Stlth    +++.......             u - amulet of the gourmand
HPRegen  0.25/turn              A - +2 ring of strength
MPRegen  0.22/turn              p - ring of stealth

@: flying
A: big wings, negative energy resistance 1, electricity resistance, unbreathing,
petrification resistance, rot immunity, AC +11
a: Stop Flying, Renounce Religion


You were on level 15 of the Dungeon.
You worshipped Vehumet.
Vehumet was extremely pleased with you.
You were very full.

You visited 4 branches of the dungeon, and saw 23 of its levels.

You collected 1608 gold pieces.

Inventory:

Hand Weapons
 i - a +8 whip of flaming
Missiles
 f - 166 stones (quivered)
Armour
 a - a +2 cloak (worn)
 c - a +2 robe (worn)
 s - a +1 pair of gloves of strength (worn)
 v - a +2 pair of boots (worn)
 F - a +2 helmet (worn)
 I - a +1 helmet
Magical Staves
 k - an uncursed staff of power
 q - an uncursed staff of energy (weapon)
Jewellery
 p - a ring of stealth (right hand)
 u - an amulet of the gourmand (around neck)
 z - an uncursed ring of protection from fire
 A - a +2 ring of strength (left hand)
 E - an uncursed ring of ice {unknown}
Wands
 e - a wand of enslavement (2/24)
 r - a wand of flame (21/48)
 w - a wand of iceblast (4/15)
 G - a wand of lightning (0/15)
 K - a wand of iceblast (0/15)
 R - a wand of acid (0/15)
 W - a wand of lightning (0/15)
Scrolls
 g - 10 scrolls of remove curse
 m - 3 scrolls of blinking
 n - a scroll of teleportation
 x - 6 scrolls of identify
 y - a scroll of vulnerability {unknown}
 B - 2 scrolls of enchant armour
 J - a scroll of silence {unknown}
Potions
 b - a potion of resistance
 h - 2 potions of berserk rage
 j - 4 potions of curing
 C - a potion of agility
 D - 2 potions of mutation {unknown}
 H - 3 potions of magic
 L - 2 potions of flight
Comestibles
 d - 13 bread rations
 l - 10 fruits
 o - 8 meat rations
 t - 11 royal jellies
 M - 8 chunks of flesh


   Skills:
 + Level 8.8 Fighting
 + Level 7.1(8.6) Maces & Flails
 + Level 7.4(8.7) Staves
 + Level 8.5 Armour
 + Level 6.7 Dodging
 - Level 2.1 Stealth
 * Level 10.5 Spellcasting
 * Level 11.9 Conjurations
   Level 0.7 Transmutations
 * Level 7.2 Fire Magic
 * Level 7.6 Ice Magic
 * Level 13.7 Earth Magic
 + Level 6.0 Evocations


You had 8 spell levels left.
You knew the following spells:

 Your Spells              Type           Power        Failure   Level  Hunger
a - Sandblast             Erth           ######       0%          1    None
b - Stone Arrow           Conj/Erth      ######       1%          3    None
c - Lee's Rapid Deconstr  Erth           ######....   1%          5    None
d - Conjure Flame         Conj/Fire      #####...     1%          3    None
e - Iron Shot             Conj/Erth      ######....   1%          6    None
f - Throw Icicle          Conj/Ice       #####...     1%          4    None
g - Bolt of Fire          Conj/Fire      #####.....   5%          6    None


Dungeon Overview and Level Annotations

Branches:
Dungeon (15/15)            Temple (1/1) D:5            Lair (6/6) D:10
  Swamp (1/4) Lair:2       Spider (0/4) Lair:3        Slime (0/5) Lair:6
    Orc (0/2) D:11         Vaults (0/5) D:13
 Depths: D:15

Altars:
Ashenzari
Cheibriados
Dithmenos
Elyvilon
Fedhas
Gozag
Hepliaklqana
Kikubaaqudgha
Makhleb
Nemelex Xobeh
Okawaru
Qazlal
Ru
Sif Muna
Trog
Uskayaw
Vehumet
Wu Jian
Xom
Yredelemnul
Zin
The Shining One
Beogh

Shops:
D:5 *   D:7 %   D:9 :

Portals:
Trove: D:12 (give 6 potions of agility)

Annotations:
D:11 Glitchraptor's ghost, journeyman MiGl


Innate Abilities, Weirdness & Mutations

You are resistant to torment.
Your stone body is resilient. (AC +11)
You are immune to poison.
Your large and strong wings let you fly indefinitely.
You resist negative energy. (rN+)
You are resistant to electric shocks. (rElec)
You can survive without breathing.
You are immune to petrification.
You are immune to rotting.


Message History

Casting: Iron Shot
Confirm with . or Enter, or press ? or * to list all spells.
Aiming: Stone Arrow
Press: ? - help, Shift-Dir - straight line, f/p - fire dragon
Aim: a fire dragon (moderately wounded, catching its breath)
The stone arrow hits the fire dragon.
The fire dragon is heavily wounded.
A yaktaur comes into view. It is wielding a dagger of venom.
The fire dragon closely misses you. x2; The fire dragon barely misses you.
A yaktaur comes into view.
The yaktaur shouts! x2
You hit the fire dragon but do no damage.
The fire dragon is heavily wounded.
The fire dragon breathes flames at you. The blast of flame hits you!
The yaktaur moves out of view.
The fire dragon breathes flames at you. The blast of flame hits you!
The fire dragon breathes flames at you. The blast of flame hits you!
You die...

##.##.#.##.###########.)
..##.#.##.# .......)
###...#.##.# # #######.
###.#.#.##.#.##.# #.
###...............# #.
.....###≈..≈###...# #.
#.#...#≈≈#...#..# #.
#.#.⌠.#≈≈#.⌠.# ## ##
#####.#...#@≈#...#
##......###§≈≈≈###..
.........D§≈≈≈≈≈....#
##........≈≈≈≈≈≈....#
#####..###≈≈≈≈###..
#.#...#≈≈#... .
#.#D⌠.#≈≈#.⌠.
#.#...#≈≈#...#
#..###≈..≈# #.


There were no monsters in sight!

Vanquished Creatures
  Rupert (D:13)
  The ghost of quacklin the Zephyrmancer, a journeyman DrAE of Vehumet (Lair:5)
  Snorg (D:11)
  An ettin (D:15)
  A fire dragon (D:14)
  The ghost of MirrMurr the Spear-Bearer, a journeyman HOBe of Trog (D:10)
  3 hydras
  8 centaur warriors
  5 two-headed ogres
  A tengu warrior (D:13)
  An alligator (Lair:2)
  3 death yaks
  Urug (D:13)
  Sonja (D:15)
  An unseen horror (D:14)
  A deep troll (D:15)
  A deep elf archer (D:15)
  A shambling mangrove (Lair:1)
  Pikel (D:5)
  An orc knight (D:10)
  An oklob plant (Lair:1)
  2 cyclopes (D:15)
  6 ugly things
  4 deep elf magi
  3 elephants
  5 black mambas
  4 torpor snails (Lair:4)
  8 spiny frogs
  2 centaur skeletons
  A kobold demonologist (D:14)
  A rime drake (Lair:4)
  6 komodo dragons
  An efreet (D:14)
  4 trolls
  7 polar bears
  6 hornets
  5 jumping spiders (Lair:3)
  14 slime creatures
  33 blink frogs
  14 dream sheep
  10 hippogriffs
  2 shadows (D:13)
  A centaur simulacrum (D:15)
  2 wraiths
  14 spriggans
  84 yaks
  16 humans
  Grum (D:8)
  2 basilisks
  7 wyverns
  A vampire mosquito (Lair:2)
  3 hungry ghosts
  Menkaure (D:6)
  A soldier ant (D:13)
  3 acid dragons
  11 porcupines
  14 water moccasins
  4 ice beasts
  4 orc warriors
  3 sky beasts
  3 phantoms
  A necrophage (D:5)
  8 black bears
  34 wolves
  8 boggarts
  5 ogres
  8 centaurs
  16 crocodiles
  The ghost of WhatIsLove the Conjurer, an amateur DEFE (D:3)
  18 bullfrogs
  5 big kobolds
  A wyvern zombie (D:14)
  A wyvern skeleton (D:13)
  3 scorpions
  3 killer bees (D:9)
  3 wights (D:7)
  7 howler monkeys
  An electric eel (D:15)
  4 centaur zombies
  3 crimson imps
  2 bullfrog zombies (D:13)
  6 hounds
  5 orc priests
  2 bullfrog skeletons
  Crazy Yiuf (D:4)
  7 jellies
  3 iguanas
  9 orc wizards
  4 worker ants
  2 hound skeletons
  A worker ant zombie (D:11)
  A howler monkey skeleton (D:9)
  18 adders
  9 oozes (D:2)
  An adder skeleton (D:6)
  4 worms
  4 dart slugs
  4 leopard geckos
  51 orcs
  2 giant cockroaches
  3 goblins
  4 hobgoblins
  4 jackals
  4 quokkas
  2 ball pythons
  5 bats
  6 frilled lizards
  21 kobolds
  A leopard gecko skeleton (D:7)
  5 rats
  A butterfly (D:7)
  A plant (Lair:1)
672 creatures vanquished.

Vanquished Creatures (collateral kills)
  A spriggan (Lair:5)
1 creature vanquished.

Vanquished Creatures (others)
  An orc wizard (D:5)
  11 fungi
  8 plants
  5 toadstools (D:2)
25 creatures vanquished.

Grand Total: 698 creatures vanquished

Notes
Turn   | Place    | Note
-------+----------+-------------------------------------------
     0 | D:1      | CakeIsGreat the Gargoyle Earth Elementalist began the quest for the Orb.
     0 | D:1      | Reached XP level 1. HP: 10/10 MP: 3/3
   115 | D:1      | Reached XP level 2. HP: 13/16 MP: 1/5
   502 | D:1      | Reached skill level 1 in Fighting
   979 | D:2      | Reached XP level 3. HP: 20/20 MP: 6/6
   987 | D:2      | Learned a level 3 spell: Stone Arrow
  1336 | D:2      | Reached skill level 4 in Earth Magic
  1346 | D:2      | Reached XP level 4. HP: 25/25 MP: 4/7
  1491 | D:2      | Found a sparkling altar of Nemelex Xobeh.
  1538 | D:2      | Found an opulent altar of Gozag.
  1649 | D:2      | Reached skill level 1 in Maces & Flails
  1662 | D:2      | Reached skill level 1 in Armour
  1662 | D:2      | Reached skill level 1 in Conjurations
  1662 | D:2      | Reached XP level 5. HP: 29/30 MP: 5/9
  1792 | D:3      | Noticed WhatIsLove's ghost (amateur DEFE)
  2161 | D:3      | Killed WhatIsLove's ghost
  2161 | D:3      | Reached XP level 6. HP: 35/35 MP: 3/10
  2168 | D:3      | Learned a level 5 spell: Lee's Rapid Deconstruction
  2858 | D:4      | Found a runed door.
  3239 | D:4      | Reached skill level 5 in Earth Magic
  3389 | D:4      | Noticed Crazy Yiuf
  3391 | D:4      | Killed Crazy Yiuf
  3391 | D:4      | Reached XP level 7. HP: 40/40 MP: 5/12
  3458 | D:5      | Entered Level 5 of the Dungeon
  3475 | D:5      | Found a hide-covered altar of Uskayaw.
  3524 | D:5      | Found Jefil's Assorted Antiques.
  3524 | D:5      | Found a hazy altar of Hepliaklqana.
  3922 | D:5      | Found a staircase to the Ecumenical Temple.
  3931 | D:5      | Reached XP level 8. HP: 45/45 MP: 2/14
  3942 | Temple   | Entered the Ecumenical Temple
  4242 | Temple   | Became a worshipper of Vehumet
  4338 | D:5      | Found an opulent altar of Gozag.
  4374 | D:5      | Noticed Pikel
  4401 | D:5      | Killed Pikel
  4401 | D:5      | Reached skill level 6 in Earth Magic
  4834 | D:6      | Reached skill level 7 in Earth Magic
  4952 | D:6      | Reached skill level 5 in Conjurations
  4957 | D:6      | Reached skill level 5 in Spellcasting
  4957 | D:6      | Reached XP level 9. HP: 52/52 MP: 7/16
  5040 | D:6      | Noticed Menkaure
  5046 | D:6      | Killed Menkaure
  5418 | D:7      | Found Doloix's Food Emporium.
  5621 | D:7      | Reached * piety under Vehumet
  5621 | D:7      | Offered knowledge of Flame Tongue by Vehumet.
  6554 | D:7      | Found a deep blue altar of Sif Muna.
  6819 | D:8      | Reached skill level 8 in Earth Magic
  6846 | D:8      | Found a shadowy altar of Dithmenos.
  7290 | D:8      | Found a glowing golden altar of the Shining One.
  7416 | D:8      | Reached skill level 1 in Staves
  7416 | D:8      | Reached XP level 10. HP: 50/58 MP: 11/19
  7417 | D:8      | Noticed Grum
  7426 | D:8      | Reached skill level 5 in Fighting
  7437 | D:8      | Killed Grum
  7759 | D:9      | Found Neihaypt's Book Shop.
  7844 | D:9      | Reached skill level 1 in Evocations
  8115 | D:9      | Reached ** piety under Vehumet
  8115 | D:9      | Offered knowledge of Throw Frost by Vehumet.
  8692 | D:10     | Entered Level 10 of the Dungeon
  8970 | D:10     | Noticed MirrMurr's ghost (journeyman HOBe)
  9171 | D:10     | Found a staircase to the Lair.
  9196 | D:10     | Reached skill level 9 in Earth Magic
  9248 | D:10     | Reached skill level 5 in Armour
  9347 | D:10     | Offered knowledge of Inner Flame by Vehumet.
 10029 | D:10     | Reached XP level 11. HP: 64/64 MP: 17/21
 10339 | Lair:1   | Entered Level 1 of the Lair of Beasts
 10360 | Lair:1   | Noticed an oklob plant
 10628 | Lair:2   | Reached *** piety under Vehumet
 11409 | Lair:1   | Identified a scroll of acquirement
 11623 | Lair:1   | Noticed an oklob plant
 11641 | Lair:1   | Reached skill level 5 in Maces & Flails
 11719 | Lair:1   | Noticed a shambling mangrove
 11719 | Lair:1   | an oklob plant changed into a shambling mangrove
 11765 | Lair:1   | Reached skill level 10 in Earth Magic
 12165 | Lair:2   | Found a staircase to the Swamp.
 12178 | Lair:2   | Offered knowledge of Conjure Flame by Vehumet.
 12479 | Lair:2   | Learned a level 3 spell: Conjure Flame
 12486 | Lair:2   | Learned a level 6 spell: Iron Shot
 12509 | Lair:2   | Noticed a six-headed hydra
 12525 | Lair:2   | Killed a six-headed hydra
 12672 | Lair:2   | Reached skill level 1 in Fire Magic
 12825 | Lair:2   | Reached XP level 12. HP: 70/70 MP: 6/23
 13027 | Lair:2   | Reached skill level 5 in Dodging
 13043 | Lair:2   | Reached **** piety under Vehumet
 13275 | Lair:2   | Offered knowledge of Throw Icicle by Vehumet.
 13300 | Lair:2   | Learned a level 4 spell: Throw Icicle
 13816 | Lair:1   | Reached skill level 1 in Ice Magic
 13976 | Lair:3   | Reached skill level 11 in Earth Magic
 14055 | Swamp:1  | Entered Level 1 of the Swamp
 14055 | Swamp:1  | Noticed an alligator
 14066 | Lair:2   | Killed an alligator
 14300 | Lair:3   | Found a hole to the Spider Nest.
 14887 | Lair:2   | Reached skill level 5 in Staves
 15367 | Lair:3   | Reached XP level 13. HP: 76/76 MP: 21/25
 16176 | Lair:4   | Reached ***** piety under Vehumet
 16176 | Lair:4   | Offered knowledge of Lightning Bolt by Vehumet.
 16594 | Lair:4   | Reached skill level 10 in Conjurations
 16639 | Lair:4   | Found a snail-covered altar of Cheibriados.
 17273 | Lair:5   | Noticed quacklin's ghost (journeyman DrAE)
 17802 | Lair:5   | Reached skill level 12 in Earth Magic
 18722 | Lair:5   | Killed quacklin's ghost
 19837 | Lair:6   | Entered Level 6 of the Lair of Beasts
 19979 | Lair:5   | Gained mutation: Your large and strong wings let you fly indefinitely. [Gargoyle growth]
 19979 | Lair:5   | Reached XP level 14. HP: 82/82 MP: 16/27
 20418 | Lair:6   | Reached skill level 5 in Fire Magic
 20418 | Lair:6   | Reached skill level 5 in Ice Magic
 20641 | Lair:6   | Found a staircase to the Slime Pits.
 21096 | Lair:5   | Offered knowledge of Yara's Violent Unravelling by Vehumet.
 21843 | Lair:6   | HP: 1/83 [spriggan rider/spear (19)]
 22223 | Lair:5   | Reached skill level 5 in Evocations
 25139 | D:11     | Found a roughly hewn altar of Beogh.
 25139 | D:11     | Noticed Snorg
 25139 | D:11     | Noticed Glitchraptor's ghost (journeyman MiGl)
 25160 | D:11     | Killed Snorg
 25480 | D:10     | Killed MirrMurr's ghost
 26014 | D:11     | Offered knowledge of Conjure Ball Lightning by Vehumet.
 26080 | D:11     | Found a staircase to the Orcish Mines.
 26382 | D:12     | Found a portal to a secret trove of treasure.
 27537 | D:12     | Reached XP level 15. HP: 88/88 MP: 20/28
 28041 | D:13     | Found a gate to the Vaults.
 28041 | D:13     | Noticed Rupert
 28041 | D:13     | Noticed Urug
 28186 | D:13     | Reached skill level 13 in Earth Magic
 28587 | D:13     | Reached skill level 10 in Spellcasting
 29643 | D:13     | HP: 1/89 [Rupert/great sword of holy wrath (23)]
 30084 | D:13     | Killed Urug
 30318 | D:13     | Killed Rupert
 30666 | D:13     | Upgraded the game from 0.21-a0-265-gb353147 to 0.21-a0-267-ga5fc350
 31405 | D:14     | Offered knowledge of Bolt of Fire by Vehumet.
 31500 | D:14     | Learned a level 6 spell: Bolt of Fire
 32345 | D:15     | Entered Level 15 of the Dungeon
 32483 | D:15     | Noticed Sonja
 32583 | D:15     | Killed Sonja
 32987 | D:15     | Reached XP level 16. HP: 76/95 MP: 8/30
 33108 | D:15     | Killed from afar by a fire dragon

Vault maps used:
D:1:      minmay_arrival_semitransparent
D:2:      cheibrodos_fertilizer, grunt_temple_overflow_opulence, minmay_bisected
D:4:      uniq_crazy_yiuf_cottage
D:5:      grunt_temple_overflow_open, minmay_temple_entry_statues_fountains,
          first_bread, basic_altar, serial_shops, nicolae_shop_trees,
          minmay_misc_feat_hallway, uniq_pikel
D:6:      uniq_menkaure
D:7:      led_sif_book, serial_shops, shop, the_bakery, hangedman_glass_garden
D:8:      tso_oasis_becter, nrook_mini_backslash, grunt_dithmenos_smoke,
          uniq_grum
D:9:      serial_shops, nicolae_shop_statue_plus
D:10:     due_lair_maze_entry_diamond, serial_co_window_serial,
          co_window_paths_a, co_window_paths_a, co_window_corner_a,
          co_window_corner_a, co_window_paths_b, co_window_corner_b,
          co_window_2corner, co_window_cross_4, co_window_corner_b,
          co_window_broadway_b, co_window_paths_e, glass_columns_a,
          glass_columns_c, glass_columns_a
D:11:     david_orc_5, serial_bayou_lagoon_a, uniq_snorg
D:12:     lab_entry_generic, trove_entry_hex_spiral
D:13:     david_vaults_3
D:14:     dk_noncrumbling_3
D:15:     hangedman_depths_entry_civil_slaughter, fountainhead,
          amethyst_killhole, uniq_sonja
Temple:   minmay_temple_bridge_d
Lair:1:   minmay_lair_oklob_chamber, lemuel_fruit_fields, grunt_megastairs_4
Lair:2:   minmay_swamp_entry_reptiles, guppyfry_lair_drakes
Lair:3:   nicolae_spider_entry_tight_spaces, grunt_megastairs_3
Lair:4:   kennysheep_snail_temple, serial_bayou_shore_b,
          infiniplex_staircase_pool_2
Lair:5:   kilobyte_rumbling_trees, infiniplex_staircase_pool
Lair:6:   minmay_lair_end_enchanted_forest, minmay_slime_entry_pillars
Swamp:1:  hangedman_swamp_lotus, uniq_kirke

Skill      XL: |  1  2  3  4  5  6  7  8  9 10 11 12 13 14 15 |
---------------+----------------------------------------------+-----
Fighting       | 1 2 3 4 5 6 7 8 |  8.8
Dodging        | 2 3 4 5 6 |  6.7
Earth Magic    | 4 5 7 8 9 10 11 12 13 | 13.7
Maces & Flails | 1 2 3 4 5 6 7 |  7.1
Armour         | 1 2 3 4 5 6 7 8 |  8.5
Conjurations   | 1 2 3 5 6 7 8 9 10 11 | 11.9
Spellcasting   | 3 4 5 6 7 8 9 10 | 10.5
Staves         | 1 3 4 5 6 7 |  7.4
Evocations     | 1 3 4 5 6 |  6.0
Fire Magic     | 1 3 4 6 7 |  7.2
Ice Magic      | 2 4 6 7 |  7.6
Stealth        | |  2.1
Transmutations | |  0.7

Action                   |  1- 3 |  4- 6 |  7- 9 | 10-12 | 13-15 | 16-18 || total
-------------------------+-------+-------+-------+-------+-------+-------++-------
Melee: Club              |     7 |       |       |       |       |       ||     7
       Unarmed           |     1 |       |       |       |       |       ||     1
       Whip              |    78 |    91 |    26 |    10 |       |       ||   205
       Mace              |       |    21 |    22 |       |       |       ||    43
       Staff             |       |       |     6 |   109 |   337 |     1 ||   453
 Cast: Sandblast         |    21 |    41 |    85 |   163 |   252 |     2 ||   564
       Stone Arrow       |       |    11 |    71 |   217 |   524 |     5 ||   828
       Conjure Flame     |       |       |       |    17 |    76 |       ||    93
       Iron Shot         |       |       |       |     9 |   138 |     3 ||   150
       Throw Icicle      |       |       |       |       |     5 |       ||     5
       Bolt of Fire      |       |       |       |       |     2 |       ||     2
 Abil: Fly               |       |       |       |       |     1 |       ||     1
Evoke: Wand              |       |       |       |    20 |    21 |       ||    41
  Use: Scroll            |       |       |    13 |    16 |    11 |       ||    40
       Potion            |       |       |     8 |       |     9 |       ||    17
 Stab: Sleeping          |     4 |     1 |     1 |       |       |       ||     6
  Eat: Chunk             |     1 |     8 |    24 |    24 |    54 |       ||   111
       Fruit             |       |       |     1 |       |       |       ||     1
Armor: Robe              |    38 |    66 |    49 |   180 |   480 |       ||   813
Dodge: Dodged            |    59 |    88 |    51 |   200 |   584 |     3 ||   985

Table legend:
 A = Spawn XP
 B = Non-spawn XP
 C = Spawn XP percentage of total XP
 D = Spawn monster count
 E = Non-spawn monster count
 F = Spawn count percentage of total count
 G = Total turns spent on level
                    A         B        C        D         E        F      G
               +---------+---------+-------+---------+---------+-------+---------
         Total |       0 |  130207 |   0.0 |       0 |     672 |   0.0 | 33108
               +---------+---------+-------+---------+---------+-------+---------
           D:1 |       0 |      29 |   0.0 |       0 |      18 |   0.0 |   794
           D:2 |       0 |     208 |   0.0 |       0 |      34 |   0.0 |  1103
           D:3 |       0 |     164 |   0.0 |       0 |      10 |   0.0 |   711
           D:4 |       0 |     231 |   0.0 |       0 |      13 |   0.0 |   850
           D:5 |       0 |    1540 |   0.0 |       0 |      16 |   0.0 |   983
           D:6 |       0 |     597 |   0.0 |       0 |      14 |   0.0 |   769
           D:7 |       0 |    1283 |   0.0 |       0 |      32 |   0.0 |  1158
           D:8 |       0 |    1006 |   0.0 |       0 |      13 |   0.0 |  1015
           D:9 |       0 |    1450 |   0.0 |       0 |      23 |   0.0 |  1401
          D:10 |       0 |    4401 |   0.0 |       0 |      29 |   0.0 |  1953
          D:11 |       0 |    4896 |   0.0 |       0 |      48 |   0.0 |  1639
          D:12 |       0 |    5840 |   0.0 |       0 |      27 |   0.0 |  1609
          D:13 |       0 |   18156 |   0.0 |       0 |      56 |   0.0 |  2551
          D:14 |       0 |   11167 |   0.0 |       0 |      32 |   0.0 |  1439
          D:15 |       0 |   11298 |   0.0 |       0 |      20 |   0.0 |   763
        Lair:1 |       0 |    5503 |   0.0 |       0 |      20 |   0.0 |  1512
        Lair:2 |       0 |   11047 |   0.0 |       0 |      43 |   0.0 |  2697
        Lair:3 |       0 |    9351 |   0.0 |       0 |      45 |   0.0 |  1706
        Lair:4 |       0 |    9459 |   0.0 |       0 |      43 |   0.0 |  1935
        Lair:5 |       0 |   13590 |   0.0 |       0 |      56 |   0.0 |  3883
        Lair:6 |       0 |   18991 |   0.0 |       0 |      80 |   0.0 |  2260
               +---------+---------+-------+---------+---------+-------+---------
